 Dungeon Crawl Stone Soup version 0.29.0-4-gdea44cf6ec (webtiles) character file.

Game seed: 12937437433752642401

8624 qw the Severer (level 11, -1/99 HPs)
             Began as a Minotaur Berserker on Sept 10, 2022.
             Was a Priest of Trog.
             Slain by a cane toad (10 damage)
             ... on level 1 of the Lair of Beasts.
             The game lasted 00:03:18 (11735 turns).

qw the Severer (Minotaur Berserker)                Turns: 11735, Time: 00:03:19

Health: -1/99      AC: 17    Str: 26    XL:     11   Next: 12%
Magic:  10/10      EV:  8    Int:  4    God:    Trog [***...]
Gold:   434        SH:  0    Dex: 10    Spells: 10/10 levels left

rFire   . . .      SeeInvis .   Y - +1 war axe
rCold   + . .      Faith    .   (no shield)
rNeg    + . .      Spirit   .   s - +0 plate armour
rPois   .          Reflect  .   (helmet restricted)
rElec   .          Harm     .   f - +2 cloak
rCorr   .          Rampage  .   (no gloves)
Will    .....                   (no boots)
Stlth   ..........              (no amulet)
HPRegen 0.26/turn               m - ring of positive energy
MPRegen 0.12/turn               a - ring of protection from cold

@: about to teleport, on berserk cooldown, slowed, very slow
A: horns 2, retaliatory headbutt
a: Renounce Religion, Berserk, Trog's Hand


You were on level 1 of the Lair of Beasts.
You worshipped Trog.
Trog was most pleased with you.
You visited 2 branches of the dungeon, and saw 9 of its levels.

You collected 434 gold pieces.


Innate Abilities, Weirdness & Mutations

You have a pair of horns on your head.
You reflexively headbutt those who attack you in melee.


   Skills:
 - Level 10.0 Fighting
 - Level 16.0 Axes
 - Level 2.6 Throwing
 + Level 8.6 Armour
 - Level 3.5 Dodging


You had 10 spell levels left.
You didn't know any spells.
Your spell library was empty.

Inventory:

Hand Weapons
 d - a +3 vampiric whip
 Y - a +1 war axe (weapon)
Missiles
 c - 3 boomerangs (quivered)
Armour
 f - a +2 cloak (worn)
 s - a +0 plate armour (worn)
Jewellery
 a - a ring of protection from cold (right hand)
 g - the amulet of Xolugahy {RegenMP Harm rF+ rC- SInv}
   (You found it on level 6 of the Dungeon)

   [amulet of magic regeneration]

   It increases your rate of magic regeneration.
   rF:        It protects you from fire.
   rC:        It makes you vulnerable to cold.
   SInv:      It lets you see invisible.
   Harm:      It increases damage dealt and taken.
 m - a ring of positive energy (left hand)
Scrolls
 b - a scroll of identify
Potions
 e - 6 potions of curing
 h - 3 potions of resistance
 i - a potion of might
 j - a potion of cancellation
 k - a potion of haste
 p - a potion of invisibility {unknown}

Dungeon Overview and Level Annotations

Branches:
Dungeon (8/15)             Temple (0/1) D:6            Lair (1/5) D:8

Altars:
Ashenzari
Fedhas
Kikubaaqudgha
Makhleb
Sif Muna

Annotations:
D:1 1 transporter
D:5 3 runed translucent doors, qw's ghost, novice DsCA
D:6 4 runed translucent doors


Message History

You hit the basilisk but do no damage.
The basilisk is almost dead.
The dream sheep ruffle their wool and motes of dream dust sparkle, to no effect.
The basilisk gazes at you. You resist with some effort.
You slash the basilisk!
You kill the basilisk!
Trog accepts your kill.
You closely miss the wolf. The wolf bites you but does no damage.
The wolf closely misses you. You furiously retaliate!
You headbutt the wolf! You closely miss the wolf.
The wolf is severely wounded.
The wolf barely misses you. You furiously retaliate!
You headbutt the wolf, but do no damage.
The wolf bites you but does no damage.
You slice the wolf!!
You kill the wolf!
Trog accepts your kill.
You barely miss the dream sheep.
You headbutt the dream sheep, but do no damage.
The dream sheep bites you but does no damage.
You slice the dream sheep!!
The dream sheep is severely wounded.
The dream sheep bites you but does no damage.
The dream sheep shake their wool and sparkle.
You feel drowsy...
You fall asleep.
The dream sheep bites you!!
You wake up.
You hear a bellow!
11733 ||| READING scroll of teleportation.
As you read the scroll of teleportation, it crumbles to dust.
You feel strangely unstable. The dream sheep bites you.
The dream sheep barely misses you.
You slice the dream sheep!!
You kill the dream sheep!
Trog accepts your kill.
You hear a bellow!
You hit the cane toad but do no damage. The cane toad stings you!
You die...

#...... .......
...8... .......
. 8..>..8
#.......Y
#...8YYF### ###
#... #@.# ...
##Y+###..# #..
#....#...# P..
#.....#..# #.P
####8.>.8...##
...
#..#.....#...#
...
#..#..8.##...#
...
##...#.###...##
..P
#............#
...


You could see 2 yaks, a cane toad and a dream sheep.

Vanquished Creatures
  A hydra (D:6)
  A black mamba (Lair:1)
  3 torpor snails (Lair:1)
  A cane toad (Lair:1)
  2 komodo dragons
  Prince Ribbit (D:7)
  2 blink frogs (Lair:1)
  2 dream sheep (Lair:1)
  9 yaks (Lair:1)
  A basilisk (Lair:1)
  Menkaure (D:4)
  A water moccasin (D:6)
  An orc warrior (D:8)
  2 sky beasts
  An ice beast (D:7)
  2 black bears
  2 wolves (Lair:1)
  An ogre (D:7)
  2 centaurs
  2 phantoms
  A kobold brigand (D:6)
  6 bullfrogs
  Blork the orc (D:4)
  2 necrophages
  A gnoll sergeant (D:6)
  2 scorpions (D:6)
  5 wights (D:8)
  7 orc priests
  4 gnoll boudas
  2 hounds
  2 jellies (D:7)
  3 iguanas
  5 orc wizards
  Natasha (twice) (D:3)
  25 gnolls
  13 adders
  3 river rats (D:6)
  2 white imps (D:6)
  3 ufetubi
  5 worms
  2 dart slugs
  17 orcs
  5 endoplasms
  4 giant cockroaches
  5 goblins
  3 hobgoblins
  7 jackals
  A quokka (D:2)
  7 ball pythons
  4 bats
  3 frilled lizards (D:2)
  14 kobolds
  9 rats
213 creatures vanquished.

Vanquished Creatures (others)
  7 fungi
  22 plants
29 creatures vanquished.

Grand Total: 242 creatures vanquished

Notes
Turn   | Place    | Note
-------+----------+-------------------------------------------
     0 | D:1      | qw the Minotaur Berserker began the quest for the Orb.
     0 | D:1      | Reached XP level 1. HP: 19/19 MP: 0/0
     0 | D:1      | 0 ||| qw: Version: 0.1-a-113-g051387a
     0 | D:1      | 0 ||| qw: Game counter: 7370
     0 | D:1      | 0 ||| qw: Always use a shield: true
     0 | D:1      | 0 ||| qw: Do Orc after D:15 true
     0 | D:1      | 0 ||| qw: Do second Lair branch before Depths: true
     0 | D:1      | 0 ||| qw: Lair rune preference: random
     0 | D:1      | 0 ||| qw: Plans: Normal
     0 | D:1      | 0 ||| PLANNING D:1-11
    43 | D:1      | 43 ||| Stepping ~*~*~tactically~*~*~ (stealth).
    46 | D:1      | 46 ||| Stepping ~*~*~tactically~*~*~ (stealth).
    56 | D:1      | 56 ||| UPGRADING to +0 leather armour.
   100 | D:1      | 100 ||| DROPPING +0 animal skin.
   155 | D:1      | Reached skill level 4 in Axes
   229 | D:1      | 229 ||| Stepping randomly (stuck).
   230 | D:1      | 230 ||| Stepping randomly (stuck).
   383 | D:1      | Reached XP level 2. HP: 26/26 MP: 1/1
   397 | D:1      | 397 ||| UPGRADING to +2 cloak.
   896 | D:1      | 896 ||| UPGRADING to ring of positive energy.
   897 | D:1      | 897 ||| READING 2 scrolls labelled KOEZEM GAKKIFF.
   898 | D:1      | 898 ||| READING scroll of enchant weapon.
   898 | D:1      | 898 ||| ENCHANTING +1 hand axe.
   899 | D:1      | 899 ||| READING scroll labelled KAUFOEGE ZOVIO.
   900 | D:1      | 900 ||| READING scroll labelled UDAGUEMNAPPI.
   901 | D:1      | 901 ||| READING scroll labelled SEAGUH YDAFF.
   902 | D:1      | 902 ||| READING 2 scrolls labelled BIORCH ZOPTON.
   906 | D:1      | 906 ||| DRINKING 3 dark potions.
   920 | D:2      | 920 ||| STAIRDANCE
   922 | D:1      | 922 ||| INVOKING Berserk.
   925 | D:1      | Reached skill level 5 in Axes
   925 | D:1      | Reached XP level 3. HP: 31/31 MP: 2/2
  1049 | D:2      | 1049 ||| STAIRDANCE
  1051 | D:1      | 1051 ||| INVOKING Berserk.
  1233 | D:1      | 1233 ||| DROPPING +0 whip.
  1237 | D:2      | 1237 ||| STAIRDANCE
  1320 | D:2      | 1320 ||| STAIRDANCE
  1322 | D:1      | 1322 ||| INVOKING Berserk.
  1382 | D:2      | 1382 ||| INVOKING Berserk.
  1385 | D:2      | Reached skill level 6 in Axes
  1385 | D:2      | Reached XP level 4. HP: 39/39 MP: 3/3
  1389 | D:2      | 1389 ||| STAIRDANCE
  1584 | D:2      | 1584 ||| Stepping ~*~*~tactically~*~*~ (stealth).
  1592 | D:2      | 1592 ||| Stepping ~*~*~tactically~*~*~ (hiding).
  1731 | D:2      | 1731 ||| Stepping ~*~*~tactically~*~*~ (hiding).
  1734 | D:2      | 1734 ||| INVOKING Berserk.
  1749 | D:2      | Reached XP level 5. HP: 26/45 MP: 4/4
  1754 | D:2      | Reached skill level 7 in Axes
  2102 | D:2      | Found a faded altar of an unknown god.
  2159 | D:2      | Reached ** piety under Trog
  2343 | D:2      | You fall into a shaft and drop 1 floor!
  2474 | D:3      | 2474 ||| UPGRADING to +0 ring mail.
  2484 | D:3      | 2484 ||| DROPPING +0 leather armour.
  2485 | D:3      | 2485 ||| READING scroll labelled SYEXAQO EVILAE.
  2486 | D:3      | 2486 ||| READING scroll labelled IXIPIS GAELU.
  2487 | D:3      | 2487 ||| DRINKING 2 murky ruby potions.
  2488 | D:3      | 2488 ||| DROPPING potion of degeneration.
  2854 | D:3      | Found an ancient bone altar of Kikubaaqudgha.
  2855 | D:3      | Found a blossoming altar of Fedhas.
  3001 | D:3      | Noticed Natasha
  3002 | D:3      | 3002 ||| INVOKING Berserk.
  3005 | D:3      | Killed Natasha
  3445 | D:3      | Noticed Natasha
  3446 | D:3      | 3446 ||| Stepping ~*~*~tactically~*~*~ (hiding).
  3448 | D:3      | 3448 ||| INVOKING Berserk.
  3450 | D:3      | Killed Natasha
  3599 | D:3      | 3599 ||| READING scroll labelled VOUGUDE XATERE.
  3600 | D:3      | 3600 ||| DRINKING 2 grey potions.
  3601 | D:3      | 3601 ||| DROPPING potion of brilliance.
  3602 | D:3      | 3602 ||| READING 3 scrolls of teleportation.
  3618 | D:4      | 3618 ||| Stepping ~*~*~tactically~*~*~ (hiding).
  3621 | D:4      | 3621 ||| INVOKING Berserk.
  3623 | D:4      | Reached skill level 8 in Axes
  3623 | D:4      | Reached XP level 6. HP: 52/52 MP: 5/5
  3687 | D:4      | 3687 ||| Stepping ~*~*~tactically~*~*~ (stealth).
  4030 | D:4      | Noticed Menkaure
  4032 | D:4      | 4032 ||| INVOKING Berserk.
  4034 | D:4      | Killed Menkaure
  4035 | D:4      | Reached skill level 9 in Axes
  4035 | D:4      | Reached XP level 7. HP: 50/59 MP: 6/6
  4171 | D:4      | Noticed Blork the orc
  4173 | D:4      | 4173 ||| INVOKING Berserk.
  4176 | D:4      | Killed Blork the orc
  4544 | D:4      | 4544 ||| Stepping ~*~*~tactically~*~*~ (stealth).
  4619 | D:4      | 4619 ||| READING 3 scrolls of identify.
  4619 | D:4      | 4619 ||| IDENTIFYING ruby potion
  4620 | D:4      | 4620 ||| READING 2 scrolls of identify.
  4620 | D:4      | 4620 ||| IDENTIFYING coppery potion
  4621 | D:4      | 4621 ||| DROPPING potion of flight.
  4631 | D:5      | Entered Level 5 of the Dungeon
  4710 | D:5      | 4710 ||| Stepping ~*~*~tactically~*~*~ (stealth).
  4777 | D:5      | Found a runed translucent gate.
  4777 | D:5      | Found a runed translucent gate.
  4777 | D:5      | Found a runed translucent gate.
  4827 | D:5      | 4827 ||| INVOKING Berserk.
  4833 | D:5      | Reached skill level 10 in Axes
  4986 | D:5      | 4986 ||| SWAPPING to +0 war axe.
  4994 | D:5      | 4994 ||| INVOKING Berserk.
  4998 | D:5      | Reached skill level 1 in Throwing
  5102 | D:5      | 5102 ||| DROPPING +2 hand axe.
  5443 | D:5      | 5443 ||| Stepping ~*~*~tactically~*~*~ (hiding).
  5453 | D:5      | 5453 ||| Stepping ~*~*~tactically~*~*~ (hiding).
  5456 | D:5      | 5456 ||| Stepping ~*~*~tactically~*~*~ (hiding).
  5458 | D:5      | 5458 ||| INVOKING Berserk.
  5531 | D:5      | 5531 ||| DROPPING +0 flail.
  5603 | D:5      | Reached skill level 6 in Fighting
  5651 | D:5      | Noticed qw's ghost (novice DsCA)
  5718 | D:5      | 5718 ||| UPGRADING to +0 chain mail.
  5728 | D:5      | 5728 ||| DROPPING +0 ring mail.
  5729 | D:5      | 5729 ||| DROPPING ring of flight.
  5730 | D:5      | 5730 ||| READING scroll labelled ACSIUZ YDGHO.
  5731 | D:5      | 5731 ||| DRINKING 2 white potions.
  5832 | D:5      | 5832 ||| DRINKING 2 murky sapphire potions.
  5833 | D:5      | 5833 ||| DROPPING potion of ambrosia.
  5843 | D:6      | 5843 ||| PLANNING SEWER
  5867 | D:6      | 5867 ||| Stepping ~*~*~tactically~*~*~ (stealth).
  5882 | D:6      | 5882 ||| FLEEEEING.
  5886 | D:6      | 5886 ||| FLEEEEING.
  5887 | D:6      | 5887 ||| FLEEEEING.
  5888 | D:6      | 5888 ||| FLEEEEING.
  5889 | D:6      | 5889 ||| STAIRDANCE
  6007 | D:6      | 6007 ||| Stepping ~*~*~tactically~*~*~ (stealth).
  6009 | D:6      | 6009 ||| Stepping ~*~*~tactically~*~*~ (stealth).
  6018 | D:6      | Reached skill level 3 in Armour
  6018 | D:6      | Reached XP level 8. HP: 43/70 MP: 7/7
  6037 | D:6      | 6037 ||| FLEEEEING.
  6038 | D:6      | 6038 ||| FLEEEEING.
  6039 | D:6      | 6039 ||| FLEEEEING.
  6040 | D:6      | 6040 ||| STAIRDANCE
  6293 | D:6      | Found a large runed translucent door.
  6293 | D:6      | Found a large runed translucent door.
  6405 | D:6      | Noticed an eight-headed hydra
  6406 | D:6      | 6406 ||| SWAPPING to +1 flail of holy wrath.
  6407 | D:6      | 6407 ||| INVOKING Berserk.
  6413 | D:6      | Killed an eight-headed hydra
  6414 | D:6      | Reached skill level 12 in Axes
  6552 | D:6      | 6552 ||| RIP SEWER
  6592 | D:6      | 6592 ||| PLANNING D:1-11
  6592 | D:6      | 6592 ||| SWAPPING to +0 war axe.
  6598 | D:6      | 6598 ||| DROPPING +1 flail of holy wrath.
  6636 | D:6      | 6636 ||| Stepping ~*~*~tactically~*~*~ (stealth).
  6637 | D:6      | 6637 ||| INVOKING Berserk.
  6751 | D:6      | 6751 ||| Stepping ~*~*~tactically~*~*~ (stealth).
  6757 | D:6      | Reached *** piety under Trog
  6785 | D:6      | Found a large runed translucent door.
  6785 | D:6      | Found a large runed translucent door.
  6806 | D:6      | Reached XP level 9. HP: 74/78 MP: 8/8
  6947 | D:6      | Identified the amulet of Xolugahy {RegenMP Harm rF+ rC-
                  | SInv}
  7034 | D:6      | Found a staircase to the Ecumenical Temple.
  7068 | D:6      | Reached skill level 13 in Axes
  7089 | D:6      | 7089 ||| Stepping ~*~*~tactically~*~*~ (hiding).
  7106 | D:6      | 7106 ||| Stepping ~*~*~tactically~*~*~ (hiding).
  7123 | D:6      | 7123 ||| Stepping ~*~*~tactically~*~*~ (stealth).
  7148 | D:6      | 7148 ||| Stepping ~*~*~tactically~*~*~ (hiding).
  7366 | D:6      | Found a broken altar of Ashenzari.
  7837 | D:6      | 7837 ||| UPGRADING to +0 plate armour.
  7847 | D:6      | 7847 ||| DROPPING +0 chain mail.
  7848 | D:6      | 7848 ||| UPGRADING to ring of protection from cold.
  7849 | D:6      | 7849 ||| READING scroll labelled KEONLO ZAEJADGH.
  7950 | D:6      | 7950 ||| READING scroll labelled MELADE OBIMIDGH.
  7976 | D:7      | 7976 ||| INVOKING Berserk.
  8162 | D:7      | 8162 ||| INVOKING Berserk.
  8164 | D:7      | Noticed Prince Ribbit
  8179 | D:7      | HP: 18/81 [Prince Ribbit (9)]
  8180 | D:7      | 8180 ||| READING 4 scrolls of teleportation.
  8181 | D:7      | 8181 ||| DRINKING potion of heal wounds.
  8446 | D:7      | 8446 ||| Stepping ~*~*~tactically~*~*~ (stealth).
  8450 | D:7      | 8450 ||| Stepping ~*~*~tactically~*~*~ (stealth).
  8452 | D:7      | 8452 ||| INVOKING Berserk.
  8459 | D:7      | Killed Prince Ribbit
  8460 | D:7      | Reached skill level 6 in Armour
  8639 | D:7      | 8639 ||| Stepping ~*~*~tactically~*~*~ (hiding).
  8642 | D:7      | 8642 ||| INVOKING Berserk.
  8775 | D:7      | Found a burning altar of Makhleb.
  8784 | D:7      | 8784 ||| Stepping ~*~*~tactically~*~*~ (stealth).
  8786 | D:7      | 8786 ||| Stepping ~*~*~tactically~*~*~ (hiding).
  8790 | D:7      | 8790 ||| INVOKING Berserk.
  9305 | D:7      | Found a shimmering blue altar of Sif Muna.
  9370 | D:7      | 9370 ||| INVOKING Berserk.
  9558 | D:7      | 9558 ||| DRINKING 2 brown potions.
  9559 | D:7      | 9559 ||| READING 2 scrolls of identify.
  9559 | D:7      | 9559 ||| IDENTIFYING clear potion
  9560 | D:7      | 9560 ||| DROPPING potion of berserk rage.
  9561 | D:7      | 9561 ||| DROPPING potion of attraction.
  9723 | D:8      | Reached skill level 14 in Axes
  9967 | D:8      | 9967 ||| Stepping ~*~*~tactically~*~*~ (stealth).
  9969 | D:8      | 9969 ||| Stepping ~*~*~tactically~*~*~ (hiding).
  9971 | D:8      | 9971 ||| Stepping ~*~*~tactically~*~*~ (hiding).
 10016 | D:8      | 10016 ||| Stepping ~*~*~tactically~*~*~ (hiding).
 10019 | D:8      | 10019 ||| INVOKING Berserk.
 10402 | D:8      | Noticed a komodo dragon
 10406 | D:8      | 10406 ||| INVOKING Berserk.
 10408 | D:8      | Killed a komodo dragon
 10409 | D:8      | Reached XP level 10. HP: 88/88 MP: 9/9
 10554 | D:8      | Found a staircase to the Lair.
 10555 | D:8      | 10555 ||| INVOKING Berserk.
 10668 | D:8      | 10668 ||| READING scroll of enchant weapon.
 10668 | D:8      | 10668 ||| ENCHANTING +0 war axe.
 10870 | D:8      | 10870 ||| Stepping ~*~*~tactically~*~*~ (hiding).
 10930 | D:8      | 10930 ||| PLANNING LAIR
 10930 | D:8      | 10930 ||| DRINKING 2 viscous cyan potions.
 10931 | D:8      | 10931 ||| READING 4 scrolls of identify.
 10931 | D:8      | 10931 ||| IDENTIFYING murky purple potion
 10932 | D:8      | 10932 ||| READING 3 scrolls of identify.
 10932 | D:8      | 10932 ||| IDENTIFYING blue potion
 10933 | D:8      | 10933 ||| READING 2 scrolls of identify.
 10933 | D:8      | 10933 ||| IDENTIFYING amethyst potion
 10934 | D:8      | 10934 ||| DROPPING potion of magic.
 10975 | Lair:1   | Entered Level 1 of the Lair of Beasts
 10984 | Lair:1   | 10984 ||| INVOKING Berserk.
 10992 | Lair:1   | Reached skill level 15 in Axes
 10998 | Lair:1   | Noticed a black mamba
 11004 | Lair:1   | Noticed a torpor snail
 11008 | Lair:1   | Killed a black mamba
 11009 | Lair:1   | Reached skill level 9 in Fighting
 11016 | Lair:1   | Killed a torpor snail
 11017 | Lair:1   | Reached skill level 3 in Dodging
 11161 | Lair:1   | Noticed a cane toad
 11165 | Lair:1   | 11165 ||| INVOKING Berserk.
 11169 | Lair:1   | Killed a cane toad
 11194 | Lair:1   | HP: 15/91 [rime drake/flash freeze (20)]
 11195 | Lair:1   | 11195 ||| READING 4 scrolls of teleportation.
 11196 | Lair:1   | HP: 6/91 [wolf (2)]
 11196 | Lair:1   | HP: 1/91 [wolf (5)]
 11244 | Lair:1   | 11244 ||| READING 3 scrolls of teleportation.
 11244 | Lair:1   | HP: 7/91 [blink frog (6)]
 11245 | Lair:1   | 11245 ||| INVOKING Berserk.
 11247 | Lair:1   | Reached skill level 16 in Axes
 11252 | Lair:1   | 11252 ||| READING 2 scrolls of teleportation.
 11254 | Lair:1   | HP: 3/91 [bullfrog (6)]
 11677 | Lair:1   | Noticed a torpor snail
 11678 | Lair:1   | 11678 ||| Stepping ~*~*~tactically~*~*~ (stealth).
 11679 | Lair:1   | 11679 ||| Stepping ~*~*~tactically~*~*~ (stealth).
 11684 | Lair:1   | 11684 ||| Stepping ~*~*~tactically~*~*~ (stealth).
 11686 | Lair:1   | 11686 ||| Stepping ~*~*~tactically~*~*~ (stealth).
 11689 | Lair:1   | Noticed a torpor snail
 11692 | Lair:1   | Noticed a cane toad
 11700 | Lair:1   | 11700 ||| INVOKING Berserk.
 11707 | Lair:1   | Killed a torpor snail
 11713 | Lair:1   | Reached XP level 11. HP: 67/99 MP: 10/10
 11732 | Lair:1   | HP: 9/99 [dream sheep[a torpor snail] (28)]
 11733 | Lair:1   | 11733 ||| READING scroll of teleportation.
 11735 | Lair:1   | Slain by a cane toad

Levels and vault maps discovered:
D:1:      spicycebolla_arrival_risky_transporter, layout_loops_ring,
          serial_glass, glass_columns_b, glass_columns_a, glass_columns_b,
          glass_columns_a, glass_columns_b, glass_columns_b, glass_columns_c,
          glass_columns_c
D:2:      layout_loops_ring, shapermc_ecumenical_altar_mp_ritualfount,
          st_stairs_10
D:3:      layout_basic, grunt_temple_overflow_growth_and_decay, uniq_natasha
D:4:      layout_cave_pools, chequers_big_river, uniq_menkaure,
          uniq_blork_the_orc
D:5:      layout_basic, gammafunk_ghost_necromancy
D:6:      layout_gridville, mainiacjoe_overflow_catwalk, temple_green,
          lightli_sewer_entry_pipes, minmay_hollow_rounded_squares
D:7:      layout_loops_ring, lemuel_tele_altar, bloody_makhleb, grunt_ogre_cave,
          uniq_prince_ribbit1
D:8:      layout_layer_cave, grunt_lair_entry_orc_guard_hut
Lair:1:   layout_gridlike, portal_ice_cave_rime, grunt_megastairs_3,
          lemuel_fruit_tree, serial_bayou_shore_a

Skill      XL: |  1  2  3  4  5  6  7  8  9 10 11 |
---------------+----------------------------------+-----
Axes           | 4 5 6 8 9 10 12 14 16 | 16.0
Fighting       | 4 6 8 10 | 10.0
Throwing       | 1 2 |  2.6
Armour         | 3 4 7 8 |  8.6
Dodging        | 3 |  3.5

Action                   |  1- 3 |  4- 6 |  7- 9 | 10-12 || total
-------------------------+-------+-------+-------+-------++-------
Melee: Hand axe          |    41 |   110 |    49 |       ||   200
       Headbutt          |     7 |     9 |    52 |    23 ||    91
       War axe           |       |       |   249 |   110 ||   359
       Punch             |       |       |     5 |     1 ||     6
       Flail             |       |       |     6 |       ||     6
Throw: Boomerang         |       |    11 |    52 |    20 ||    83
Invok: Berserk           |     4 |     5 |    14 |     5 ||    28
  Use: Scroll            |     6 |     4 |     7 |     8 ||    25
       Potion            |     1 |     2 |     4 |     1 ||     8
Armor: Leather armour    |     9 |    12 |       |       ||    21
       Ring mail         |       |    22 |    24 |       ||    46
       Chain mail        |       |       |    67 |       ||    67
       Plate armour      |       |       |    50 |    56 ||   106
Dodge: Dodged            |    32 |    43 |   109 |    43 ||   227

Table legend:
 A = Non-vault XP
 B = Vault XP
 C = Vault XP percentage of total XP
 D = Non-vault monster count
 E = Vault monster count
 F = Vault count percentage of total count
                 A         B        C        D         E       F
            +---------+---------+-------+---------+---------+-------
      Total |    7319 |    5002 |  40.6 |     171 |      42 |  19.7
            +---------+---------+-------+---------+---------+-------
        D:1 |      88 |       0 |   0.0 |      24 |       0 |   0.0
        D:2 |     141 |      21 |  13.0 |      19 |       4 |  17.4
        D:3 |      83 |      35 |  29.7 |      15 |       1 |   6.2
        D:4 |     290 |     263 |  47.6 |      20 |       2 |   9.1
        D:5 |     418 |       0 |   0.0 |      24 |       0 |   0.0
        D:6 |     779 |    1575 |  66.9 |      20 |      19 |  48.7
        D:7 |     586 |     386 |  39.7 |      19 |       2 |   9.5
        D:8 |     829 |     808 |  49.4 |      15 |       5 |  25.0
     Lair:1 |    4105 |    1914 |  31.8 |      15 |       9 |  37.5
            +---------+---------+-------+---------+---------+-------
